 Dungeon Crawl Stone Soup version 0.30-a0-371-gad7725a93e (webtiles) character file.

Game seed: 2406810302323302411

11931 Drevant2 the Basher (level 11, -1/86 HPs)
             Began as an Armataur Fighter on Nov 21, 2022.
             Was a High Priest of Okawaru.
             Slain by a sixfirhy (7 damage)
             ... summoned by an orc high priest
             ... on level 2 of the Orcish Mines.
             The game lasted 00:29:52 (14918 turns).

Drevant2 the Basher (Armataur Fighter)             Turns: 14918, Time: 00:29:53

Health: -1/86      AC: 11    Str: 22    XL:     11   Next: 55%
Magic:  17/17      EV:  9    Int:  9    God:    Okawaru [*****.]
Gold:   1163       SH:  6    Dex: 13    Spells: 10/10 levels left

rFire   + . .      SeeInvis .    O - -1 demon whip (venom)
rCold   + . .      Faith    .    c - +0 buckler
rNeg    . . .      Spirit   .    i - +0 steam dragon scales
rPois   .          Reflect  .    (no helmet)
rElec   .          Harm     .    P - scarf {rC+ rF+}
rCorr   .          Roll     +    (no gloves)
Will    .....                    (no barding)
Stlth   +.........               (no amulet)
HPRegen 0.34/turn                s - +4 ring of protection
MPRegen 0.15/turn                (no ring)

@: no status effects
A: large, rugged brown scales 3, deformed body, armoured tail, roll, long
tongue, awkward tongue
a: Renounce Religion, Heroism, Finesse, Duel


You were on level 2 of the Orcish Mines.
You worshipped Okawaru.
Okawaru was extremely pleased with you.
You visited 4 branches of the dungeon, and saw 15 of its levels.

You collected 1163 gold pieces.

Inventory:

Hand Weapons
 a - a +0 flail
 v - a +1 flail of draining
 O - a -1 demon whip of venom (weapon)
Missiles
 Q - 2 silver javelins (quivered)
Armour
 b - a +0 scale mail
 c - a +0 buckler (worn)
 i - +0 steam dragon scales (worn)
 H - a +0 pair of boots
 P - a scarf of resistance (worn)
Jewellery
 s - a +4 ring of protection (left hand)
 N - an amulet of the acrobat
Wands
 n - a wand of light (2)
 J - a wand of flame (27)
 K - a wand of roots (6)
 L - a wand of polymorph (6)
 M - a wand of paralysis (8)
Scrolls
 e - 2 scrolls of vulnerability {unknown}
 g - a scroll of amnesia {unknown}
 j - 3 scrolls of fog
 m - 2 scrolls of enchant armour {unknown}
 q - a scroll of immolation
 r - 3 scrolls of fear {unknown}
 t - 2 scrolls of summoning
 w - 3 scrolls of enchant weapon {unknown}
 y - a scroll of magic mapping {unknown}
 B - a scroll of poison
 C - 2 scrolls of torment {unknown}
 D - 2 scrolls of blinking {unknown}
 G - a scroll of brand weapon {unknown}
Potions
 d - a potion of resistance
 f - 3 potions of cancellation
 h - a potion of ambrosia
 k - 2 potions of brilliance
 l - a potion of flight {unknown}
 o - 2 potions of magic
 u - a potion of haste {unknown}
 x - 2 potions of invisibility {unknown}
 z - 5 potions of lignification
 A - 3 potions of attraction
 E - 2 potions of mutation {unknown}
 F - 2 potions of curing {unknown}
 I - a potion of degeneration {unknown}


   Skills:
 - Level 2.6 Fighting
 * Level 12.0 Maces & Flails
 - Level 8.7 Armour
 - Level 9.9 Shields
 * Level 8.0 Invocations


You had 10 spell levels left.
You didn't know any spells.
Your spell library contained the following spells:

 Spells                   Type           Power      Damage    Failure   Level
 Necrotise                Necr           0%         1d4       43%         1
 Cigotuvi's Dreadful Rot  Necr/Pois/Air  0%         N/A       56%         2
 Poisonous Vapours        Pois/Air       0%         N/A       56%         2
 Dazzling Flash           Conj/Hex       0%         N/A       80%         3
 Hailstorm                Conj/Ice       0%         3d3       80%         3
 Mephitic Cloud           Conj/Pois/Air  0%         N/A       80%         3
 Ozocubu's Armour         Ice            0%         N/A       80%         3
 Portal Projectile        Hex/Tloc       0%         N/A       80%         3
 Teleport Other           Tloc           0%         N/A       80%         3
 Vampiric Draining        Necr           0%         2d6       80%         3
 Ice Form                 Ice/Tmut       0%         N/A       99%         4
 Agony                    Necr           0%         N/A       100%        5
 Freezing Cloud           Conj/Ice/Air   0%         6-21      100%        5
 Metabolic Englaciation   Hex/Ice        0%         N/A       100%        5
 Silence                  Hex/Air        0%         N/A       100%        5
 Simulacrum               Ice/Necr       Unusable   N/A       N/A         6

Dungeon Overview and Level Annotations

Branches:
Dungeon (11/15)            Temple (1/1) D:6            Lair (1/5) D:8
    Orc (2/2) D:9             Elf (0/3) Orc:2

Altars:
Dithmenos
Elyvilon
Fedhas
Gozag
Hepliaklqana
Makhleb
Nemelex Xobeh
Okawaru
Qazlal
Trog
Uskayaw
Vehumet
Wu Jian
Zin
The Shining One

Shops:
D:2 [   Orc:1 (

Annotations:
D:8 1 runed translucent door, Tutankhamun's ghost, novice TrGl
D:11 Urug


Innate Abilities, Weirdness & Mutations

You are completely covered in rugged brown scales. (AC +3, +7% HP)
Armour fits poorly on your strangely shaped body.
You have a long armoured tail.
You roll when moving toward enemies. (Rampage)
Your long tongue fully drains potion bottles. (2x potion effects)
Your tongue gives you trouble enunciating. (1.5x scroll delay)


Message History

The sixfirhy hits you. The sixfirhy shocks you!
* * * LOW HITPOINT WARNING * * *
The sixfirhy barely misses you. The sixfirhy hits you.
* * * LOW HITPOINT WARNING * * *
The sixfirhy shocks you!
* * * LOW HITPOINT WARNING * * *
You block the sixfirhy's attack. The sixfirhy attacks as you move away!
The sixfirhy completely misses you. The sixfirhy hits you!
* * * LOW HITPOINT WARNING * * *
The sixfirhy shocks you!
* * * LOW HITPOINT WARNING * * *
The sixfirhy closely misses you. The sixfirhy hits you.
* * * LOW HITPOINT WARNING * * *
The sixfirhy shocks you!
* * * LOW HITPOINT WARNING * * *
You slurp down every last drop of the potion of heal wounds!
You feel much better.
You cannot coerce anything to answer your summons.
The sixfirhy closely misses you. The sixfirhy attacks as you move away!
The sixfirhy hits you!
* * * LOW HITPOINT WARNING * * *
The sixfirhy shocks you!
* * * LOW HITPOINT WARNING * * *
The sixfirhy hits you.
* * * LOW HITPOINT WARNING * * *
The sixfirhy shocks you!
* * * LOW HITPOINT WARNING * * *
The sixfirhy hits you but does no damage.
You block the sixfirhy's attack.
You cannot coerce anything to answer your summons.
As you slowly read the scroll of fog, it crumbles to dust.
The scroll dissolves into smoke.
The sun demon disappears in a puff of smoke!
The sixfirhy completely misses you.
Okay, then.
As you slowly read the scroll labelled DIESKUGIJU, it crumbles to dust.
The creatures around you are filled with an inner flame!
It was a scroll of immolation.
The sixfirhy hits you!
You die...

##............#.##
########................#
.........3.............##
..........o.............#
.........o.............##
.........................#
.........§...............#
..^.#.#....§§3§............#
......#.##..§§@§§............#
......#......§§§§§...........##
.............§§..............#
.#.............§..............#
.......................#.......#
..#............))....<......#.##
.............<)))............##
#.............)...........
..........................


You could see 2 orc high priests, a sixfirhy (summoned, inner flame) and a
neqoxec (summoned, inner flame).

Vanquished Creatures
  A two-headed ogre (D:9)
  Amaemon (D:8)
  A manticore (D:11)
  2 cane toads (Lair:1)
  An orange demon (D:8)
  A rime drake (Lair:1)
  An unseen horror (D:11)
  2 trolls (D:10)
  A hornet (D:8)
  A shadow (D:10)
  2 wraiths (D:10)
  A wyvern (D:8)
  14 yaks
  2 steam dragons
  2 vampire mosquitoes
  The ghost of fedoskokos the Firebug, an amateur DgFE (D:5)
  3 water moccasins
  3 black bears
  9 orc warriors
  A sky beast (D:6)
  4 ice beasts
  3 ogres
  4 centaurs
  A phantom (D:6)
  A kobold brigand (D:8)
  A gnoll sergeant (D:9)
  6 bullfrogs
  3 scorpions
  5 wights (D:9)
  6 howler monkeys
  A gnoll bouda (D:4)
  4 hounds
  7 orc priests
  4 iguanas
  19 orc wizards
  9 adders
  21 gnolls
  A shadow imp (D:6)
  A white imp (D:6)
  3 worms
  6 dart slugs
  48 orcs
  2 ball pythons
  4 bats
  13 endoplasms
  5 giant cockroaches
  6 goblins
  8 hobgoblins
  11 jackals
  9 kobolds
  7 quokkas
  4 frilled lizards (D:1)
  7 rats
284 creatures vanquished.

Vanquished Creatures (others)
  A gnoll bouda (D:7)
  3 gnolls (D:7)
  A quokka (D:6)
  14 fungi
  13 plants
32 creatures vanquished.

Grand Total: 316 creatures vanquished

Notes
Turn   | Place    | Note
-------+----------+-------------------------------------------
     0 | D:1      | Drevant2 the Armataur Fighter began the quest for the Orb.
     0 | D:1      | Reached XP level 1. HP: 19/19 MP: 1/1
    47 | D:1      | Found a faded altar of an unknown god.
    80 | D:1      | Got the Codex of the Lamprey
   133 | D:1      | Reached skill level 2 in Maces & Flails
   176 | D:1      | Reached XP level 2. HP: 26/26 MP: 2/2
   539 | D:1      | Reached XP level 3. HP: 32/32 MP: 3/3
  1166 | D:2      | Reached XP level 4. HP: 38/39 MP: 4/4
  1291 | D:2      | Found Qatt's Antique Armour Shoppe.
  2656 | D:2      | Reached skill level 5 in Armour
  2663 | D:3      | Reached skill level 3 in Maces & Flails
  2663 | D:3      | Reached XP level 5. HP: 36/44 MP: 5/5
  3363 | D:4      | You fall into a shaft and drop 2 floors!
  3363 | D:6      | Found a white marble altar of Elyvilon.
  3365 | D:6      | Noticed a black bear
  3428 | D:6      | Killed a black bear
  3429 | D:6      | Reached skill level 5 in Shields
  3429 | D:6      | Reached XP level 6. HP: 16/53 MP: 6/6
  3758 | D:5      | Entered Level 5 of the Dungeon
  4080 | D:4      | Reached skill level 4 in Maces & Flails
  4327 | D:4      | Reached XP level 7. HP: 37/59 MP: 7/7
  4857 | D:5      | Found a runed translucent gate.
  4857 | D:5      | Found a runed translucent gate.
  4858 | D:5      | Found a runed translucent gate.
  4859 | D:5      | Identified the +2 scale mail of the Will of the Gods
                  | {Dex+2}
  4861 | D:5      | Noticed fedoskokos's ghost (amateur DgFE)
  5163 | D:5      | Reached skill level 5 in Maces & Flails
  5325 | D:5      | Reached XP level 8. HP: 31/66 MP: 8/8
  5828 | D:6      | Found an ornate altar of the Wu Jian Council.
  5833 | D:6      | Found a glowing golden altar of the Shining One.
  5867 | D:6      | Found a staircase to the Ecumenical Temple.
  6558 | D:6      | Reached skill level 6 in Maces & Flails
  7000 | D:7      | Found a hazy altar of Hepliaklqana.
  7310 | D:7      | Reached XP level 9. HP: 72/72 MP: 9/9
  7785 | D:7      | Reached skill level 7 in Maces & Flails
  8231 | D:8      | Paralysed by a hornet for 3 turns
  8451 | Temple   | Entered the Ecumenical Temple
  8459 | Temple   | Became a worshipper of Warmaster Okawaru
  8603 | D:8      | Noticed a two-headed ogre
  8761 | D:8      | Reached skill level 8 in Maces & Flails
  8995 | D:8      | Found a runed translucent door.
  8999 | D:8      | Noticed Tutankhamun's ghost (novice TrGl)
  9032 | D:8      | Noticed Amaemon
  9042 | D:8      | Noticed an orange demon
  9045 | D:8      | Killed Amaemon
  9045 | D:8      | Reached * piety under Okawaru
  9046 | D:8      | Reached skill level 9 in Maces & Flails
  9056 | D:8      | Killed an orange demon
  9056 | D:8      | Reached ** piety under Okawaru
  9057 | D:8      | Reached XP level 10. HP: 24/79 MP: 10/10
  9444 | D:8      | Found a staircase to the Lair.
  9940 | D:5      | Killed fedoskokos's ghost
  9950 | D:5      | Reached skill level 1 in Invocations
 10312 | D:9      | Found a burning altar of Makhleb.
 10466 | D:9      | Reached skill level 10 in Maces & Flails
 10655 | D:9      | Noticed a two-headed ogre
 10759 | D:9      | Reached *** piety under Okawaru
 11028 | D:9      | Found a radiant altar of Vehumet.
 11422 | D:9      | Found a staircase to the Orcish Mines.
 11616 | Lair:1   | Entered Level 1 of the Lair of Beasts
 11650 | Lair:1   | Noticed a cane toad
 11670 | Lair:1   | Killed a cane toad
 11671 | Lair:1   | Reached skill level 5 in Invocations
 12117 | Lair:1   | Noticed a cane toad
 12129 | Lair:1   | Killed a cane toad
 12129 | Lair:1   | Reached **** piety under Okawaru
 12396 | Lair:1   | Noticed an elephant
 12396 | Lair:1   | Noticed an elephant
 12397 | Lair:1   | Noticed an elephant
 12465 | D:9      | Killed a two-headed ogre
 12466 | D:9      | Reached skill level 11 in Maces & Flails
 12466 | D:9      | Reached XP level 11. HP: 50/86 MP: 15/15
 12682 | D:10     | Entered Level 10 of the Dungeon
 13438 | D:10     | Reached ***** piety under Okawaru
 13676 | D:11     | Found a blossoming altar of Fedhas.
 13998 | D:11     | Received a gift from Okawaru
 14003 | D:11     | Noticed an ice dragon
 14007 | D:11     | Noticed Urug
 14211 | D:11     | Received a gift from Okawaru
 14376 | Orc:1    | Entered Level 1 of the Orcish Mines
 14532 | Orc:1    | Found Domaommo's Antique Weapon Emporium.
 14602 | Orc:2    | Entered Level 2 of the Orcish Mines
 14734 | Orc:2    | Found a staircase to the Elven Halls.
 14769 | Orc:2    | Reached skill level 12 in Maces & Flails
 14892 | Orc:2    | Noticed an orc high priest
 14892 | Orc:2    | Noticed an orc high priest
 14892 | Orc:2    | Noticed an orc high priest
 14892 | Orc:2    | Noticed an orc knight
 14892 | Orc:2    | Noticed an orc knight
 14899 | Orc:2    | Noticed a sixfirhy
 14899 | Orc:2    | Noticed a sun demon
 14918 | Orc:2    | Slain by a sixfirhy

Illustrated notes

Levels and vault maps discovered:
D:1:      wheals_arrival_linesprint, layout_rooms,
          shapermc_ecumenical_altar_totnotflames, minmay_box_of_dots
D:2:      minmay_recursive_quarters, layout_loops_ring, serial_shops,
          nicolae_shop_stone
D:3:      layout_basic
D:4:      layout_loops_ring, chequers_serial_rivers_marsh, minmay_quadrilaterals
D:5:      layout_basic, biasface_ghost_orc_armoury, minmay_misc_feat_iff
D:6:      layout_basic, elyvilon_altar_4, grunt_temple_overflow_open,
          minmay_temple_entry_glass
D:7:      layout_rooms, worldfamousw_hep_ancestral_shrine
D:8:      layout_basic, grunt_lair_entry_orc_guard_hut,
          ebering_ghost_reflecting_pool, minmay_misc_feat_nine_boxes,
          uniq_amaemon
D:9:      layout_loops_ring, overflow_temple_1_default, vehumet_crystals,
          david_orc_4
D:10:     layout_rooms
D:11:     minmay_the_grid_net [minmay_the_grid_medium_cups,
          minmay_the_grid_dragon_a, minmay_the_grid_minigrid_large,
          minmay_the_grid_square_x, minmay_the_grid_fan,
          minmay_the_grid_prize_big_room], layout_gridville, serial_shops, shop,
          minmay_ruined_shrine, uniq_urug
Temple:   lightli_temple_of_artemis
Lair:1:   wander_river, layout_long_grid
Orc:1:    layout_caves, serial_shops, shop, nicolae_shop_advertising_works
          [nicolae_subvault_shop_adworks]
Orc:2:    st_orc_elflike, layout_caves, nicolae_volcano_entry_lava_flow

Skill      XL: |  1  2  3  4  5  6  7  8  9 10 11 |
---------------+----------------------------------+-----
Maces & Flails | 2 3 4 5 6 9 11 12 | 12.0
Armour         | 4 5 6 7 8 |  8.7
Shields        | 4 5 6 8 9 |  9.9
Invocations    | 6 8 |  8.0
Fighting       | |  2.6

Action                   |  1- 3 |  4- 6 |  7- 9 | 10-12 || total
-------------------------+-------+-------+-------+-------++-------
Melee: Flail             |   135 |   227 |   289 |       ||   651
       Tailslap          |    12 |    23 |    31 |    83 ||   149
       Demon whip        |       |       |       |   489 ||   489
Throw: Throwing net      |       |       |       |     1 ||     1
  Use: Potion            |       |     1 |     6 |     4 ||    11
       Scroll            |       |       |     9 |     6 ||    15
Armor: Scale mail        |    91 |   128 |   125 |       ||   344
       Steam dragon scal |       |       |    68 |   144 ||   212
Dodge: Dodged            |    48 |    67 |    99 |    98 ||   312
Block: Buckler           |    33 |    48 |    78 |    93 ||   252

Table legend: (Time is in decaauts)
 A = Elapsed time spent in this place.
 B = Non-inter-level travel time spent in this place.
 C = Inter-level travel time spent in this place.
 D = Time resting spent in this place.
 E = Time spent auto-exploring this place.
 F = Levels seen in this place.
 G = Mean time per level.
                   A        B        C        D        E       F      G
               +--------+--------+--------+--------+--------+-----+--------+
         Total |  14910 |  12556 |   2354 |   3821 |   6129 |  15 |  994.0 |
       Dungeon |  13592 |  11511 |   2081 |   3149 |   5974 |  11 | 1235.6 |
        Temple |     16 |      3 |     13 |      0 |      0 |   1 |   16.0 |
          Lair |    792 |    657 |    135 |    508 |     72 |   1 |  792.0 |
  Orcish Mines |    508 |    383 |    125 |    164 |     83 |   2 |  254.0 |
               +--------+--------+--------+--------+--------+-----+--------+

Top non-repeatable levels by time:
     D:6: 2151 daAuts
     D:8: 1642 daAuts
     D:9: 1532 daAuts
     D:5: 1441 daAuts
     D:7: 1290 daAuts
     D:4: 1239 daAuts
    D:10: 1135 daAuts
     D:2: 963 daAuts
     D:1: 956 daAuts
     D:3: 901 daAuts
  Lair:1: 792 daAuts
    D:11: 338 daAuts
   Orc:2: 255 daAuts
   Orc:1: 253 daAuts
  Temple: 16 daAuts
